 Dungeon Crawl Stone Soup version 0.28-a0-612-gcfc00ec14d (webtiles) character file.

Game seed: 12442367587170239694

6627 meatgazer the Agent of Entropy (level 11, 0/102 HPs)
             Began as a Hill Orc Abyssal Knight on Oct 5, 2021.
             Was a Priest of Lugonu.
             Succumbed to a water moccasin's poison
             ... on level 2 of the Lair of Beasts.
             The game lasted 00:15:48 (8993 turns).

meatgazer the Agent of Entropy (HOAK)               Turns: 8993, Time: 00:15:49

Health: 0/102      AC: 21    Str: 18    XL:     11   Next: 2%
Magic:  21/21      EV:  9    Int: 10    God:    Lugonu [***...]
Gold:   628        SH:  0    Dex: 13    Spells: 10/10 levels left

rFire   . . .      SeeInvis .   a - +6 hand axe (protect)
rCold   . . .      Faith    .   (no shield)
rNeg    + . .      Spirit   .   i - +4 scale mail
rPois   .          Reflect  .   h - +1 helmet
rElec   .          Harm     .   (no cloak)
rCorr   .          Rampage  .   (no gloves)
Will    .....                   d - +0 pair of boots
Stlth   ..........              k - amulet of magic regeneration
HPRegen 0.27/turn               g - ring of positive energy
MPRegen 0.42/turn               (no ring)

@: lethally poisoned (0 -> -12), under a protective aura
A: no striking features
a: Renounce Religion, Depart the Abyss, Bend Space, Banish


You were on level 2 of the Lair of Beasts.
You worshipped Lugonu.
Lugonu was most pleased with you.
You visited 2 branches of the dungeon, and saw 11 of its levels.
You visited the Abyss 1 time.

You collected 628 gold pieces.

Inventory:

Hand Weapons
 a - a +6 hand axe of protection (weapon)
Armour
 d - a +0 pair of boots (worn)
 h - a +1 helmet (worn)
 i - a +4 scale mail (worn)
 p - a +4 plate armour
Jewellery
 g - a ring of positive energy (left hand)
 k - an amulet of magic regeneration (around neck)
Wands
 m - a wand of flame (6)
Scrolls
 e - 2 scrolls of teleportation
Potions
 c - a potion of resistance
 f - a potion of haste
 j - a potion of curing
 l - 2 potions of flight


   Skills:
 + Level 11.1 Fighting
 + Level 11.0 Axes
 - Level 3.0 Armour
 - Level 1.0 Dodging
 + Level 14.3 Invocations


You had 10 spell levels left.
You didn't know any spells.
Your spell library contained the following spells:

 Spells                   Type           Power      Damage    Failure   Level
 Beastly Appendage        Tmut           0%         N/A       75%         1
 Scorch                   Fire           0%         2d5       87%         2
 Wereblood                Tmut           0%         N/A       87%         2
 Ozocubu's Armour         Ice            0%         N/A       98%         3
 Spider Form              Tmut/Pois      0%         N/A       98%         3
 Flame Wave               Conj/Fire      0%         3d3       100%        4
 Olgreb's Toxic Radiance  Pois           0%         N/A       100%        4
 Summon Cactus Giant      Summ           0%         N/A       100%        6
 Ozocubu's Refrigeration  Ice            0%         4d5       100%        7
 Ignition                 Fire           0%         3d3       100%        8


Dungeon Overview and Level Annotations

Branches:
Dungeon (9/15)             Temple (0/1) D:4            Lair (2/6) D:8
  Swamp: Lair:2-4    Shoals: Lair:2-4     Snake: Lair:2-4    Spider: Lair:2-4
    Orc: D:9-12

Altars:
Elyvilon
Fedhas
Hepliaklqana
Kikubaaqudgha
Makhleb
Vehumet
Beogh

Annotations:
D:3 3 runed translucent doors, meatgazer's ghost, amateur DrAK
D:9 8 runed translucent doors, robertstho's ghost, journeyman DjFE
Abyss:1 Maggie


Message History

Aim: a water moccasin (48% to hit)
The puff of flame hits the water moccasin.
The water moccasin is moderately wounded.
Aiming: Throw Flame
Press: ? - help, Shift-Dir - straight line, f/p - water moccasin
Aim: a water moccasin (moderately wounded, 48% to hit)
The puff of flame hits the water moccasin.
The water moccasin is heavily wounded.
Aiming: Throw Flame
Press: ? - help, Shift-Dir - straight line, f/p - water moccasin
Aim: a water moccasin (heavily wounded, 48% to hit)
The puff of flame hits the water moccasin.
The water moccasin is heavily wounded.
You closely miss the water moccasin.
The water moccasin is heavily wounded.
The water moccasin barely misses you.
You slash the water moccasin!
Your weapon exudes an aura of protection.
The water moccasin is almost dead.
The water moccasin barely misses you.
You miss the water moccasin.
The water moccasin is almost dead.
The water moccasin completely misses you.
You closely miss the water moccasin.
The water moccasin is almost dead.
The water moccasin barely misses you.
You hit the water moccasin.
The water moccasin is almost dead.
The water moccasin bites you.
* * * LOW HITPOINT WARNING * * *
You are lethally poisoned!
The water moccasin poisons you!
You hit the water moccasin.
You kill the water moccasin!
Lugonu accepts your kill.
* * * LOW HITPOINT WARNING * * *
You feel very sick.
Your Axes skill increases to level 11!
Found a scroll of identify.
You die...

. ## ..
######.##..#
##.........#
##..........#
###.....<.....#
#P.....@.......#
#..............P
#...............
##..............
#.##............
# .............
#...#.........
.?#.#........


There were no monsters in sight!

Vanquished Creatures
  A cane toad (Lair:1)
  Prince Ribbit (D:7)
  2 wyverns (D:8)
  2 yaks (Lair:1)
  A basilisk (D:8)
  A golden eye (Abyss:1)
  Menkaure (D:5)
  6 water moccasins
  An orc warrior (D:8)
  4 black bears (D:8)
  An ice beast (D:6)
  3 ogres
  A wolf (D:8)
  A phantom (D:6)
  A centaur (D:7)
  A kobold brigand (D:6)
  A wyvern zombie (D:5)
  3 bullfrogs
  3 scorpions
  A water moccasin zombie (D:6)
  4 wights (D:7)
  A centaur zombie (D:8)
  7 hounds
  A jelly (D:7)
  3 orc priests (D:5)
  A gnoll shaman (D:7)
  A bullfrog skeleton (D:7)
  An iguana (D:6)
  10 orc wizards
  A hound skeleton (D:4)
  2 howler monkey zombies (D:7)
  Robin (D:3)
  5 adders
  7 gnolls
  A howler monkey skeleton (D:5)
  An adder skeleton (D:4)
  A worm (D:2)
  3 dart slugs
  27 orcs
  3 bats
  6 endoplasms
  8 goblins
  8 hobgoblins
  4 jackals (D:2)
  2 quokkas
  6 ball pythons
  3 frilled lizards
  9 kobolds
  7 rats
170 creatures vanquished.

Vanquished Creatures (others)
  A fungus (Lair:1)
  12 plants
13 creatures vanquished.

Grand Total: 183 creatures vanquished

Notes
Turn   | Place    | Note
-------+----------+-------------------------------------------
     0 | Abyss:1  | meatgazer the Hill Orc Abyssal Knight began the quest for
                  | the Orb.
     0 | Abyss:1  | Reached XP level 1. HP: 19/19 MP: 2/2
    43 | Abyss:1  | Noticed a golden eye
    50 | Abyss:1  | Killed a golden eye
    51 | Abyss:1  | Reached skill level 5 in Fighting
    51 | Abyss:1  | Reached skill level 3 in Invocations
    51 | Abyss:1  | Reached XP level 2. HP: 30/30 MP: 2/4
    51 | Abyss:1  | Reached XP level 3. HP: 37/37 MP: 2/5
    51 | Abyss:1  | Reached XP level 4. HP: 44/44 MP: 2/6
    51 | Abyss:1  | Reached XP level 5. HP: 50/50 MP: 2/7
   145 | Abyss:1  | Found a shimmering altar of Xom.
   153 | Abyss:1  | Noticed a flayed ghost
   154 | D:1      | Escaped the Abyss
  1063 | D:2      | Reached * piety under Lugonu
  1092 | D:2      | Reached skill level 1 in Dodging
  1218 | D:2      | Found a faded altar of an unknown god.
  1433 | D:2      | Found a blossoming altar of Fedhas.
  1687 | D:3      | Found a runed translucent gate.
  1690 | D:3      | Found a runed translucent gate.
  1690 | D:3      | Found a runed translucent gate.
  1692 | D:3      | Noticed meatgazer's ghost (amateur DrAK)
  1695 | D:3      | Identified the +1 leather armour of Noughts and Crosses
                  | {Rampage}
  1883 | D:3      | Noticed Robin
  1888 | D:3      | Reached ** piety under Lugonu
  1897 | D:3      | Killed Robin
  2413 | D:3      | Found a roughly hewn altar of Beogh.
  2797 | D:4      | Reached skill level 4 in Invocations
  2797 | D:4      | Reached XP level 6. HP: 54/57 MP: 7/9
  2831 | D:4      | Identified the +1 ring mail of Otaur {rF+}
  3181 | D:4      | Reached skill level 5 in Invocations
  3260 | D:4      | Found a staircase to the Ecumenical Temple.
  3531 | D:5      | Entered Level 5 of the Dungeon
  3550 | D:5      | Reached skill level 5 in Axes
  3550 | D:5      | Reached XP level 7. HP: 58/64 MP: 9/11
  3802 | D:5      | Reached skill level 6 in Invocations
  4375 | D:5      | Reached skill level 7 in Invocations
  4378 | D:5      | Reached XP level 8. HP: 55/73 MP: 13/13
  4833 | D:5      | Noticed Menkaure
  4842 | D:5      | Killed Menkaure
  4843 | D:5      | Reached skill level 8 in Invocations
  5181 | D:6      | Reached *** piety under Lugonu
  5186 | D:6      | Reached skill level 9 in Invocations
  5267 | D:6      | Noticed a two-headed ogre
  5270 | D:6      | Banished a two-headed ogre
  5271 | D:6      | Reached skill level 10 in Invocations
  5271 | D:6      | Reached XP level 9. HP: 54/82 MP: 6/16
  6087 | D:7      | Reached skill level 11 in Invocations
  6677 | D:7      | Noticed Prince Ribbit
  6692 | D:7      | Killed Prince Ribbit
  7086 | D:7      | Noticed a two-headed ogre
  7087 | D:7      | Banished a two-headed ogre
  7088 | D:7      | Reached skill level 12 in Invocations
  7088 | D:7      | Reached XP level 10. HP: 93/93 MP: 13/19
  7211 | D:7      | Noticed a kobold demonologist
  7213 | D:7      | Reached skill level 10 in Fighting
  7213 | D:7      | Banished a kobold demonologist
  7348 | D:7      | Found a radiant altar of Vehumet.
  7354 | D:7      | Found a burning altar of Makhleb.
  7356 | D:7      | Found a hazy altar of Hepliaklqana.
  7359 | D:7      | Found a white marble altar of Elyvilon.
  7402 | D:7      | Noticed Maggie
  7403 | D:7      | Banished Maggie
  7411 | D:7      | Reached skill level 13 in Invocations
  7650 | D:8      | Reached skill level 10 in Axes
  7863 | D:8      | Found an ancient bone altar of Kikubaaqudgha.
  7943 | D:8      | Found a staircase to the Lair.
  8626 | D:8      | Reached skill level 14 in Invocations
  8841 | D:9      | Found a large runed translucent door.
  8841 | D:9      | Noticed a vault warden
  8842 | D:9      | Found a large runed translucent door.
  8842 | D:9      | Found a large runed translucent door.
  8842 | D:9      | Found a large runed translucent door.
  8842 | D:9      | Noticed robertstho's ghost (journeyman DjFE)
  8842 | D:9      | Noticed a brown ugly thing
  8842 | D:9      | Noticed a vault guard
  8843 | D:9      | Found a large runed translucent door.
  8843 | D:9      | Found a large runed translucent door.
  8844 | D:9      | Found a large runed translucent door.
  8844 | D:9      | Found a large runed translucent door.
  8911 | Lair:1   | Entered Level 1 of the Lair of Beasts
  8940 | Lair:1   | Noticed a cane toad
  8954 | Lair:1   | Killed a cane toad
  8965 | Lair:1   | Reached XP level 11. HP: 25/102 MP: 21/21
  8991 | Lair:2   | HP: 5/102 [water moccasin (6)]
  8993 | Lair:2   | Succumbed to a water moccasin's poison

Illustrated notes

Levels and vault maps discovered:
D:1:      roderic_chinese_lattice_arrival, layout_loops_ring
D:2:      layout_rooms, basic_altar, basic_ecumenical_altar
D:3:      layout_loops_ring, biasface_ghost_orc_armoury, uniq_robin
D:4:      layout_cave_pools, minmay_temple_entry_poolview
D:5:      layout_basic, kennysheep_generic_room_13, uniq_menkaure
D:6:      layout_basic, minmay_misc_feat_tower
D:7:      layout_layer_cave, minitemple, grunt_ministairs_13,
          uniq_prince_ribbit1, uniq_maggie
D:8:      layout_rooms, amcnicky_altar_gilded, minmay_lair_entry_grove
D:9:      layout_basic, special_room [special_room_orc],
          advil_vaults_ghost_lines, kennysheep_generic_room_6, uniq_pikel
Lair:1:   layout_chaotic_city, cheibrodos_lair_lostbears,
          infiniplex_staircase_pool_2, grunt_megastairs_1, lemuel_fruit_tree,
          serial_bayou_shore_a
Lair:2:   layout_cave_pods, skrybe_swamp_entry_bodies, gauntlet_entry_generic

Skill      XL: |  1  2  3  4  5  6  7  8  9 10 11 |
---------------+----------------------------------+-----
Fighting       | 5 6 7 8 9 11 | 11.1
Axes           | 3 4 5 6 8 9 10 11 | 11.0
Invocations    | 3 4 5 7 10 12 14 | 14.3
Armour         | 3 |  3.0
Dodging        | 1 |  1.0

Action                   |  1- 3 |  4- 6 |  7- 9 | 10-12 || total
-------------------------+-------+-------+-------+-------++-------
Melee: Hand axe          |     4 |   184 |   276 |   156 ||   620
Invok: Depart the Abyss  |       |     1 |       |       ||     1
       Banish            |       |       |     4 |     2 ||     6
Evoke: Wand              |       |       |       |     3 ||     3
  Use: Scroll            |       |     9 |     7 |    10 ||    26
       Potion            |       |     3 |     1 |     2 ||     6
Armor: Leather armour    |       |    41 |       |       ||    41
       Ring mail         |       |    41 |    15 |       ||    56
       Scale mail        |       |       |   134 |   113 ||   247
Dodge: Dodged            |       |    87 |   127 |    85 ||   299

Table legend: (Time is in decaauts)
 A = Elapsed time spent in this place.
 B = Non-inter-level travel time spent in this place.
 C = Inter-level travel time spent in this place.
 D = Time resting spent in this place.
 E = Time spent auto-exploring this place.
 F = Levels seen in this place.
 G = Mean time per level.
                   A        B        C        D        E       F      G
               +--------+--------+--------+--------+--------+-----+--------+
         Total |   8947 |   8445 |    502 |   1985 |   5058 |  12 |  745.6 |
       Dungeon |   8715 |   8214 |    501 |   1985 |   4902 |   9 |  968.3 |
          Lair |     77 |     77 |      0 |      0 |     14 |   2 |   38.5 |
         Abyss |    154 |    154 |      0 |      0 |    141 |   1 |  154.0 |
               +--------+--------+--------+--------+--------+-----+--------+

Top non-repeatable levels by time:
     D:7: 1559 daAuts
     D:8: 1249 daAuts
     D:5: 1169 daAuts
     D:3: 1131 daAuts
     D:6: 1111 daAuts
     D:4: 934 daAuts
     D:1: 791 daAuts
     D:2: 721 daAuts
 Abyss:1: 154 daAuts
  Lair:1: 69 daAuts
     D:9: 46 daAuts
  Lair:2: 8 daAuts
